 Dungeon Crawl Stone Soup version 0.24-a0-22-g2a401c0 (webtiles) character file.

Game seed: 15568139894289308146

115 Borgoz the Skirmisher (level 5, 0/47 HPs)
             Began as a Hill Orc Abyssal Knight on Feb 1, 2019.
             Was a Believer of Lugonu.
             Succumbed to a scorpion's poison
             ... on level 3 of the Dungeon.
             The game lasted 00:03:32 (2091 turns).

Borgoz the Skirmisher (Hill Orc Abyssal Knight)     Turns: 2091, Time: 00:03:33

Health: 0/47       AC:  4    Str: 17    XL:     5   Next: 0%
Magic:  7/7        EV: 11    Int: 12    God:    Lugonu [**....]
Gold:   120        SH:  0    Dex: 11    Spells: 4/4 levels left

rFire    . . .     SeeInvis .   a - +2 hand axe
rCold    . . .     Gourm    .   (no shield)
rNeg     . . .     Faith    .   b - +1 leather armour
rPois    .         Spirit   .   (no helmet)
rElec    .         Reflect  .   (no cloak)
rCorr    .         Harm     .   (no gloves)
MR       .....                  (no boots)
Stlth    +.........             (no amulet)
HPRegen  0.15/turn              (no ring)
MPRegen  0.10/turn              (no ring)

@: lethally poisoned (0 -> -10), very slightly contaminated, invisible
A: mutation resistance 1, strong 1
a: Depart the Abyss, Bend Space, Renounce Religion


You were on level 3 of the Dungeon.
You worshipped Lugonu.
Lugonu was pleased with you.
You were not hungry.

You visited 1 branch of the dungeon, and saw 3 of its levels.
You visited the Abyss 1 time.

You collected 120 gold pieces.

Inventory:

Hand Weapons
 a - a +2 hand axe (weapon)
Armour
 b - a +1 leather armour (worn)
Jewellery
 n - a cursed amulet of inaccuracy {unknown}
Wands
 j - a wand of scattershot (5)
Scrolls
 e - a scroll of enchant armour
 f - a scroll of enchant weapon
 g - 3 scrolls of identify {unknown}
 i - 2 scrolls of amnesia {unknown}
 k - a scroll of teleportation {unknown}
 l - a scroll of immolation {unknown}
 m - a scroll of noise {unknown}
Comestibles
 c - 3 rations
 o - 9 chunks of flesh


   Skills:
 + Level 4.8 Fighting
 + Level 4.3 Axes
 + Level 2.8 Armour
 + Level 1.5 Dodging
 + Level 2.8 Invocations


You had 4 spell levels left.
You didn't know any spells.
Your spell library was empty.

Dungeon Overview and Level Annotations

Branches:
Dungeon (3/15)

Altars:
Uskayaw


Innate Abilities, Weirdness & Mutations

You are somewhat resistant to further mutation.
Your muscles are strong. (Str +2)


Message History

The scorpion is severely wounded.
* * * LOW HITPOINT WARNING * * *
You feel sick. The scorpion barely misses you.
You catch the helpless scorpion completely off-guard!
You hit the scorpion but do no damage.
The scorpion is severely wounded.
* * * LOW HITPOINT WARNING * * *
You feel sick.
Unknown command.
* * * LOW HITPOINT WARNING * * *
You feel sick.
Okay, then.
As you read the scroll labeled UTINLY XAADOI, it crumbles to dust.
It is a scroll of enchant weapon.
Your +1 hand axe glows red for a moment.
* * * LOW HITPOINT WARNING * * *
You feel sick.
* * * LOW HITPOINT WARNING * * *
You feel sick.
You die...

#...######).##
#........#...#### ##
#...####.#..#...########.
##..# #...........(......
#..# ##.###.##.########.
#.)# ### #.##.# #.
..###†.###### #.##.# #.
#............#
#.##.########.
#.##########@#
#.##.......... #.#
#.##########.. #.# #.#
#.# #.# #.# #.# #s# #.#
#.# #####o###.# #..
#....so...# ###
#.#...##### #.#.#.#######


You could see a scorpion, 2 orcs and a giant cockroach.

Vanquished Creatures
  An orc wizard (D:3)
  A gnoll (D:1)
  2 adders (D:2)
  A dart slug (D:1)
  A leopard gecko (D:3)
  2 ball pythons
  3 giant cockroaches (D:1)
  8 goblins
  10 hobgoblins
  3 jackals
  7 kobolds
  A quokka (D:3)
  5 bats
  2 frilled lizards (D:1)
  5 rats
52 creatures vanquished.

Notes
Turn   | Place    | Note
-------+----------+-------------------------------------------
     0 | Abyss:1  | Borgoz the Hill Orc Abyssal Knight began the quest for the
                  | Orb.
     0 | Abyss:1  | Reached XP level 1. HP: 19/19 MP: 2/2
    44 | Abyss:1  | Noticed a large abomination
    45 | D:1      | Escaped the Abyss
   150 | D:1      | Reached XP level 2. HP: 18/27 MP: 4/4
   376 | D:1      | Gained mutation: Your muscles are strong. (Str +2) [potion
                  | of mutation]
   376 | D:1      | Gained mutation: You are somewhat resistant to further
                  | mutation. [potion of mutation]
   421 | D:1      | Reached * piety under Lugonu
   805 | D:1      | Reached XP level 3. HP: 32/34 MP: 5/5
   902 | D:1      | Reached skill level 1 in Dodging
  1373 | D:2      | Noticed a +0 dagger
  1373 | D:2      | Noticed a +0 dagger
  1375 | D:2      | Found a hide-covered altar of Uskayaw.
  1379 | D:2      | Reached XP level 4. HP: 41/41 MP: 6/6
  2029 | D:3      | Reached ** piety under Lugonu
  2068 | D:3      | Reached XP level 5. HP: 34/47 MP: 7/7
  2090 | D:3      | HP: 1/47 [poisoned by a scorpion]
  2091 | D:3      | Succumbed to a scorpion's poison

Vault maps used:
D:1:      lightli_arrival_noodles, minmay_3d_cube
D:2:      dancing_weapons_uskayaw
D:3:      overflow_temple_1_default, first_ration, hex_large,
          minmay_increasing_density

Skill      XL: |  1  2  3  4 |
---------------+-------------+-----
Fighting       | 4 |  4.8
Axes           | 3 4 |  4.3
Dodging        | 1 |  1.5
Armour         | |  2.8
Invocations    | |  2.8

Action                   |  1- 3 |  4- 6 || total
-------------------------+-------+-------++-------
Melee: Hand axe          |   110 |    62 ||   172
Invok: Depart the Abyss  |     1 |       ||     1
  Use: Scroll            |     2 |     1 ||     3
       Potion            |     1 |     3 ||     4
 Stab: Invisible         |       |     2 ||     2
  Eat: Chunk             |     1 |     3 ||     4
Armor: Leather armour    |    38 |    16 ||    54
Dodge: Dodged            |    83 |    42 ||   125

Table legend:
 A = Non-vault XP
 B = Vault XP
 C = Vault XP percentage of total XP
 D = Non-vault monster count
 E = Vault monster count
 F = Vault count percentage of total count
                 A         B        C        D         E       F
            +---------+---------+-------+---------+---------+-------
      Total |     142 |      23 |  13.9 |      47 |       5 |   9.6
            +---------+---------+-------+---------+---------+-------
        D:1 |      48 |      23 |  32.4 |      28 |       5 |  15.2
        D:2 |      40 |       0 |   0.0 |      11 |       0 |   0.0
        D:3 |      54 |       0 |   0.0 |       8 |       0 |   0.0
            +---------+---------+-------+---------+---------+-------
